 Dungeon Crawl Stone Soup version 0.30-b1-2-g02819fbbbe (webtiles) character file.

Game seed: 16957197788200283831

71 suse60 the Sneak (level 3, -4/31 HPs)
             Began as a Demigod Delver on Nov 30, 2023.
             Slain by Pargi (7 damage)
             ... in a sewer.
             The game lasted 00:10:54 (735 turns).

suse60 the Sneak (Demigod Delver)                    Turns: 735, Time: 00:10:54

Health: -4/31      AC:  8    Str: 17    XL:     3   Next: 79%
Magic:  5/5        EV:  8    Int: 12    God:
Gold:   81         SH:  0    Dex: 15    Spells: 2/2 levels left

rFire   . . .        d - +0 war axe (vamp)
rCold   . . .        (no shield)
rNeg    . . .        e - +0 chain mail
rPois   .            (no helmet)
rElec   .            (no cloak)
rCorr   .            (no gloves)
SInv    .            (no boots)
Will    .....        (no amulet) Stlth
                     (no ring)
HPRegen 0.25/turn    (no ring)
MPRegen 0.09/turn

%: no passive effects
@: no status effects
A: high MP 1, forlorn, divine attributes
a: no special abilities


You were in a sewer.
You visited 1 branch of the dungeon, and saw 3 of its levels.
You also visited: Sewer.

You collected 81 gold pieces.

Inventory:

Hand Weapons
 d - a +0 vampiric war axe (weapon)
Armour
 b - a +1 leather armour
 e - a +0 chain mail (worn)
Wands
 g - a wand of digging (3)
Scrolls
 c - 2 scrolls of fog
 h - a scroll of blinking {unknown}
 i - a scroll of identify {unknown}


   Skills:
 + Level 3.4 Fighting
 + Level 2.6 Axes
 + Level 2.6 Dodging
 - Level 4.5 Stealth


You had 2 spell levels left.
You didn't know any spells.
Your spell library was empty.

Dungeon Overview and Level Annotations

Branches:
Dungeon (5/15)             Temple (0/1) D:5           Sewer (1/1)

Annotations:
D:5 2 transporters, Ralhos's ghost, amateur MiBe Sewer Pargi


Innate Abilities, Weirdness & Mutations

You have an increased reservoir of magic. (+10% MP)
You shall have no god before yourself.
Your divine heritage dramatically boosts your attributes as you level up.


Message History

* * * LOW HITPOINT WARNING * * *
Pargi barely misses you. x2; Pargi bites you but does no damage.
Pargi claws you but does no damage. x2
It was a potion of heal wounds.
You feel much better. Pargi bites you. Pargi closely misses you.
Pargi completely misses you.
You closely miss Pargi. Pargi bites you but does no damage. Pargi claws you.
Pargi claws you but does no damage. Pargi bites you. Pargi claws you.
Pargi claws you but does no damage.
You closely miss Pargi. Pargi barely misses you.
Pargi claws you but does no damage. x2; Pargi closely misses you.
Pargi claws you but does no damage. x2
You hit Pargi.
Pargi is lightly wounded.
Pargi bites you.
Pargi claws you but does no damage. x2; Pargi bites you.
Pargi claws you but does no damage. Pargi barely misses you.
Pargi bites you but does no damage. Pargi claws you. Pargi closely misses you.
You closely miss Pargi. Pargi bites you.
* * * LOW HITPOINT WARNING * * *
Pargi closely misses you. Pargi claws you.
* * * LOW HITPOINT WARNING * * *
Pargi bites you but does no damage. Pargi claws you but does no damage. x2
You slash Pargi!
Pargi is lightly wounded.
Pargi bites you but does no damage. Pargi claws you but does no damage.
Pargi claws you.
* * * LOW HITPOINT WARNING * * *
Pargi bites you.
* * * LOW HITPOINT WARNING * * *
Pargi barely misses you. Pargi claws you but does no damage.
As you read the scroll labelled CYHUNG DUWOU, it crumbles to dust.
It is a scroll of brand weapon.
Your +0 heavy war axe thirsts for the lives of mortals!
d - a +0 vampiric war axe (weapon)
Pargi bites you.
* * * LOW HITPOINT WARNING * * *
Pargi claws you but does no damage. Pargi barely misses you.
You completely miss Pargi.
Pargi is lightly wounded.
Pargi bites you!
You die...

#####################
#(##.##.##∩##.##.##.#
#.##.##.##.##.##.##.#
#'##†##'##.##'##'##'#
#######...................#
~~~~~~#~~~~~~~~~.~~~~~~~~~#~
≈≈≈≈≈≈#≈≈≈≈≈≈≈≈≈∩≈≈≈≈≈≈≈≈≈#≈
~~~~~~#~~~~~~~~~.~~~~~~~~~#~
######....@T.............##
#'##'##'##+##+##+##+# #.##.#
.# #.##.# .# ###### ##


You could see Pargi.

Vanquished Creatures
  A hound (D:4)
  3 adders
  A worm (D:3)
  4 giant cockroaches
  A hobgoblin (D:4)
  3 quokkas
  A frilled lizard (Sewer)
  A rat (D:3)
15 creatures vanquished.

Notes
Turn   | Place    | Note
-------+----------+-------------------------------------------
     0 | D:5      | suse60 the Demigod Delver began the quest for the Orb.
     0 | D:5      | Reached XP level 1. HP: 18/18 MP: 3/3
     4 | D:5      | Noticed a killer bee
   136 | D:5      | Found a transporter.
   138 | D:5      | Noticed a killer bee
   139 | D:5      | Noticed a killer bee
   157 | D:5      | Noticed a killer bee
   158 | D:5      | Found a transporter.
   158 | D:5      | Noticed Ralhos's ghost (amateur MiBe)
   159 | D:5      | Noticed a killer bee
   308 | D:4      | Identified a scroll of acquirement
   308 | D:4      | Acquired a +0 heavy war axe
   364 | D:4      | Reached XP level 2. HP: 25/25 MP: 4/4
   400 | D:4      | Reached XP level 3. HP: 31/31 MP: 5/5
   536 | D:3      | Found a glowing drain.
   540 | Sewer    | Entered a sewer
   719 | Sewer    | Noticed Pargi
   735 | Sewer    | Slain by Pargi

Illustrated notes

Levels and vault maps discovered:
D:3:      layout_basic, gup_sewer_entry_spiral, minmay_cupped, uniq_natasha
D:4:      layout_layer_cave, mainiacjoe_overflow_catwalk_spiral,
          grunt_decor_clamped, skrybe_limestone_x
D:5:      layout_loops_cross, mainiacjoe_overflow_tiny_flanked,
          minmay_temple_entry_statues_pillars, gammafunk_ghost_hive
Sewer:    kennysheep_door_sewer

Skill      XL: |  1  2 |
---------------+-------+-----
Axes           | 2 |  2.6
Dodging        | 2 |  2.6
Fighting       | 3 |  3.4
Stealth        | |  4.5

Action                     || total
---------------------------++-------
  Melee: Hand axe          ||     7
         War axe           ||    63
         Punch             ||     1
    Use: Scroll            ||     6
         Potion            ||     2
 Armour: Leather armour    ||     9
         Chain mail        ||    55
  Dodge: Dodged            ||    66
